Ilztune, chaotic male elven Ranger ---------- |......... |........| ##......<... # -----+---- ### # ----------- ### |.........| # |.......d.@Z# |.........| |.........+ |.........| |.........| ----------- Ilztune the Trailblazer Experience level: 6 Strength: 16 Dexterity: 13 Constitution: 16 Intelligence: 14 Wisdom: 15 Charisma: 8 Health: 0(40) Energy: 25(25) Def: 8 Gold: 1248 Moves: 5127 Dungeon seed: 9Iq5F9a82xWfhTMc Game ID: Ilztune_1522095445 Your Inventory: Coins $ - 1248 gold pieces Weapons a - an uncursed +1 elven dagger (weapon in hand) b - an uncursed +1 elven bow (alternate weapon; not wielded) c - 17 uncursed +2 elven arrows (in quiver) d - 36 uncursed +0 elven arrows g - an uncursed +0 dart n - 32 uncursed +0 arrows Armor e - an uncursed +2 elven cloak (being worn) q - a blessed +0 orcish helm (being worn) y - an uncursed +0 ring mail z - an uncursed +0 chain mail E - an uncursed +0 orcish helm F - an uncursed +0 pair of iron shoes (being worn) N - an uncursed +0 leather armor (being worn) Y - an uncursed +0 orcish cloak Comestibles f - 4 uncursed lembas wafers Scrolls i - 2 uncursed scrolls of teleportation x - an uncursed scroll of create monster G - 4 uncursed scrolls of blank paper Spellbooks w - an uncursed spellbook of levitation Potions r - an uncursed potion of sickness t - 2 uncursed potions of object detection A - an uncursed potion of levitation B - an uncursed potion of fruit juice C - an uncursed potion of water H - a blessed potion of object detection J - a cursed potion of healing M - an uncursed potion of speed O - an uncursed potion of extra healing Tools p - an uncursed skeleton key v - an uncursed mirror L - an uncursed mirror Spells and supernatural/magical abilities: Name Level Category Cost Memory h - healing 1 healing 250pw 94% W - pray for help -- divine ? -- Your skills at the end: Fighting Skills wands [Basic] Weapon Skills dagger [Basic] bow [Skilled] Spellcasting Skills Final Attributes: You were sleep resistant. You saw invisible. You had automatic searching. You had infravision. You were stealthy. You could teleport. You are dead. Vanquished creatures: a quivering blob a leprechaun a jaguar 3 human zombies 2 bugbears a wood nymph 2 water nymphs 7 Uruk-hai an orc shaman a rock piercer 2 rock moles a pony 2 shriekers a gnome lord a guardian naga hatchling a gray ooze an elf zombie a straw golem a paper golem a giant ant a little dog a floating eye 2 kittens a dwarf 2 homunculi 2 kobold lords 4 hill orcs 6 rothes a rabid rat a centipede a monkey 3 orc zombies a werejackal an acid blob 8 coyotes a gas spore 9 manes a large kobold 3 hobgoblins 6 giant rats 2 cave spiders a brown mold a yellow mold 2 gnomes 6 geckos 2 jackals 6 kobolds 3 goblins 3 grid bugs 2 bats 4 lichens a kobold zombie 10 newts 130 creatures vanquished. Voluntary challenges: You were an atheist. You used a wielded weapon 31 times, starting on turn 150. You read items or engraved 2 times, starting on turn 1473. You never genocided any monsters. You never polymorphed an object. You never changed form. You used no wishes. You never split a pudding. You never wrote Elbereth's name. You violated your moral code, losing 61 points of alignment, starting on turn 1603. Dungeon overview: The Dungeons of Doom: levels 1 to 8 Level 1 a sink a long staircase Level 2 a fountain a long staircase Level 3 Level 4 Level 5 Level 6 many fountains Level 7 some fountains, a throne a long staircase Level 8 <- You were here History has recorded: On T:1 you entered the Dungeons of Doom to retrieve the Amulet of Yendor! On T:480 you reached level 2 of The Dungeons of Doom. On T:790 you reached level 3 of The Dungeons of Doom. On T:1023 you advanced to experience level 2. On T:1276 you reached level 4 of The Dungeons of Doom. On T:1437 you advanced to experience level 3. On T:1861 you reached level 5 of The Dungeons of Doom. On T:1954 you advanced to experience level 4. On T:2836 you advanced to experience level 5. On T:3917 you advanced to experience level 6. On T:4121 you reached level 7 of The Dungeons of Doom. On T:5077 you reached level 8 of The Dungeons of Doom. Score breakdown: Gold: 1248 (10533 points) Experience: 6 levels (12456 points) Exploration: 8 levels ( 16.33%) (11456 points) Discoveries: 1 item ( 0.34%) ( 1746 points) Valuables value: (no points given unless you survive) Artifact value: 0 ( 0 points) Variety of kills: 53 monsters ( 13.95%) (11203 points) Turncount: 5127 turns (-1391 points) Survival: died (score multiplied by 80%) Total score: 36802 Latest messages: a - an uncursed +1 elven dagger (alternate weapon; not wielded). The elven arrow hits the human zombie! The human zombie hits! Your zombification disease builds up. You are now wielding your elven dagger. b - an uncursed +1 elven bow (alternate weapon; not wielded). You miss the human zombie. The human zombie hits! Your zombification disease builds up. [2 turns] You hit the human zombie. The human zombie hits! Your zombification disease builds up. You hit the human zombie. The human zombie hits! Your zombification disease builds up. You hit the human zombie! The human zombie hits! Your zombification disease builds up. You die... Your body rises from the dead as an elf zombie... Final status: Goodbye Ilztune the Ranger, killed by a human zombie... You died in The Dungeons of Doom on dungeon level 8 with 36802 points, and 1248 pieces of gold, after 5127 moves. You were level 6 with a maximum of 40 hit points when you died.